 Dungeon Crawl Stone Soup version 0.20-a0-214-gb74cb0e (webtiles) character file.

57 KristoblXynda the Ducker (level 3, -9/18 HPs)
             Began as a Spriggan Gladiator on Nov 27, 2016.
             Killed by nerve-wracking pain
             ... invoked by Jessica
              (14 damage)
             ... on level 2 of the Dungeon.
             The game lasted 00:02:24 (1405 turns).

KristoblXynda the Ducker (Spriggan Gladiator)       Turns: 1405, Time: 00:02:25

Health: -9/18      AC:  2    Str: 11    XL:     3   Next: 73%
Magic:  4/4        EV: 21    Int: 10    God:
Gold:   33         SH:  0    Dex: 16    Spells: 2/2 levels left

rFire  . . .     SeeInvis +     o - +2 dagger (holy)
rCold  . . .     Gourm    .     b - +0 robe
rNeg   . . .     Faith    .     (shield restricted)
rPois  .         Spirit   .     c - +0 hat
rElec  .         Reflect  .     (no cloak)
rCorr  .         Harm     .     (gloves unavailable)
MR     .....                    (boots unavailable)
Stlth  ++........               (no amulet)
                                (no ring)
                                (no ring)

@: very quick
A: unfitting armour, see invisible, herbivore 3, speed 3, slow metabolism 2
a: no special abilities


You were on level 2 of the Dungeon.
You were not hungry.

You visited 1 branch of the dungeon, and saw 2 of its levels.

You collected 33 gold pieces.

Inventory:

Hand Weapons
 a - a +0 rapier
 o - a +2 dagger of holy wrath (weapon)
Missiles
 d - 4 throwing nets (quivered)
Armour
 b - a +0 robe (worn)
 c - a +0 hat (worn)
Jewellery
 m - a cursed ring of teleportation {unknown}
 r - an uncursed ring of see invisible {unknown}
 s - an uncursed ring of wizardry {unknown}
Scrolls
 e - 2 scrolls of enchant armour {unknown}
 j - a scroll of noise {unknown}
 p - a scroll of fog {unknown}
 t - a scroll of identify {unknown}
 u - a scroll of recharging {unknown}
Potions
 g - 2 potions of might {unknown}
 h - a potion of cure mutation {unknown}
 i - 2 potions of brilliance {unknown}
 n - a potion of haste {unknown}
 q - a potion of curing {unknown}
 v - 2 potions of cancellation {unknown}
Comestibles
 f - a bread ration
 k - 5 fruits
 l - a slice of pizza


   Skills:
 - Level 1.5 Fighting
 + Level 4.1 Short Blades
 - Level 2.0 Throwing
 + Level 5.4 Dodging
 + Level 2.5 Stealth


You had 2 spell levels left.
You didn't know any spells.

Dungeon Overview and Level Annotations

Branches:
Dungeon (2/15)

Altars:

Annotations:
D:2 Jessica


Innate Abilities, Weirdness & Mutations

You are very small and have problems with some larger weapons.
You are too small for most types of armour.
You have supernaturally acute eyesight. (SInv)
You are a herbivore.
You cover ground extremely quickly.
You need consume almost no food.


Message History

Jessica gestures at you while chanting.
You struggle to resist.
The frilled lizard closely misses you.
Jessica mumbles some strange words.
Jessica blinks!
Jessica gestures wildly while chanting.
Jessica blinks!
Jessica mumbles some strange words.
Jessica blinks!
You hit the frilled lizard.
You kill the frilled lizard!
Jessica casts a spell at you. Pain shoots through your body!
Ouch! That really hurt!
* * * LOW HITPOINT WARNING * * *
Jessica casts a spell.
Jessica closely misses you.
Jessica points at you and mumbles some strange words.
Pain shoots through your body!
Ouch! That really hurt!
You die...

#....#######.
.....# #. #.#
#....# #. #.#
#....# .## #.#
##.### ..# #.#
#.# #.# #.# #+#
#.# #.#
#.###@###.#
#....@....#
##.###.#####
##...##.#######
...............
##...##.#######
##. #.# # #.#
#.# #+# ####.#


You could see Jessica.

Vanquished Creatures
  Terence (D:2)
  A worm (D:2)
  A dart slug (D:1)
  A ball python (D:1)
  2 giant cockroaches (D:1)
  4 goblins
  2 hobgoblins (D:1)
  2 jackals (D:1)
  2 kobolds (D:1)
  3 bats
  2 frilled lizards
  5 rats
26 creatures vanquished.

Notes
Turn   | Place    | Note
-------+----------+-------------------------------------------
     0 | D:1      | KristoblXynda the Spriggan Gladiator began the quest for the Orb.
     0 | D:1      | Reached XP level 1. HP: 10/10 MP: 2/2
    67 | D:1      | Reached skill level 1 in Stealth
   147 | D:1      | Reached XP level 2. HP: 14/14 MP: 3/3
   855 | D:2      | Reached skill level 5 in Dodging
   907 | D:2      | Noticed Terence
   926 | D:2      | Killed Terence
   926 | D:2      | Reached XP level 3. HP: 9/18 MP: 4/4
  1386 | D:2      | Noticed Jessica
  1405 | D:2      | Killed from afar by Jessica

Vault maps used:
D:1:      eino_arrival_water_star, minmay_splitting_lines
D:2:      uniq_terence, uniq_jessica

Skill      XL: |  1  2 |
---------------+-------+-----
Stealth        | 1 2 |  2.5
Dodging        | 5 |  5.4
Short Blades   | 4 |  4.1
Fighting       | |  1.5
Throwing       | |  2.0

Action                   || total
-------------------------++-------
Melee: Rapier            ||    49
       Dagger            ||    33
Throw: Throwing net      ||     1
 Stab: Sleeping          ||     3
       Held in net/web   ||     2
Armor: Robe              ||    10
Dodge: Dodged            ||    57
